Match 47131407
Unlisted

Match 47131407
End
Construct Barracks
Riflemen Squad
Riflemen Squad
M1 Mortar Team
Construct Medical Station
Mechanized Support Center
1⁄4-ton 4x4 Truck
Construct Weapon Support Center
Construct Motor Pool
M8 Greyhound Armored Car
Improvised Armor
Grenade Package
M1918 Browning Automatic Rifles
M1 Anti-tank Gun Team
Designate Forward Repair Station
Construct Weapon Support Center
Riflemen Squad
M1919 Machine Gun Team
1⁄4-ton 4x4 Truck
Construct Tank Depot
Selects Special Operations Battlegroup
Selects Raiding Flares
Selects SSF Commando Squad
Selects M29 Weasel Recon Vehicle
M18 Hellcat Tank Destroyer
M18 Hellcat Tank Destroyer
Selects P-47 Anti-Infantry Loiter
Selects UNKNOWN (2162291)
M4A1 Sherman Whizbang
Engineer Squad
Traanquheal
smug_master
FuniX22
foxus
[PD]Folscher
[PD]Lurgi
Apache
[PD]DerSchonWieder
0
0

Comments sign in to comment!

No comments posted yet!